 Dungeon Crawl Stone Soup version 0.28-a0-43-g560ac104fe (webtiles) character file.

Game seed: 4727459593673960877

23112 HAL9000 the Covert (level 13, -4/72 HPs)
             Began as a Vine Stalker Brigand on July 28, 2021.
             Was a High Priest of Dithmenos.
             Splashed by an oklob plant's acid (10 damage)
             ... on level 4 of the Lair of Beasts.
             The game lasted 00:33:47 (12835 turns).

HAL9000 the Covert (Vine Stalker Brigand)          Turns: 12835, Time: 00:33:48

Health: -4/72      AC:  2    Str: 22    XL:     13   Next: 4%
Magic:  0/14       EV: 15    Int: 14    God:    Dithmenos [*****.]
Gold:   884        SH:  5    Dex: 16    Spells: 9/12 levels left

rFire   . . .      SeeInvis .   h - +5 rapier (drain)
rCold   . . .      Faith    .   d - +0 buckler
rNeg    . . .      Spirit   +   H - +1 leather armour "Amesoty" {rElec Regen+}
rPois   .          Reflect  .   (no helmet)
rElec   +          Harm     .   c - +0 cloak
rCorr   .          Rampage  .   q - +0 pair of gloves
Will    +....                   K - +2 pair of boots {Fly}
Stlth   ++++++++..              (no amulet)
HPRegen 2.22/turn               p - +4 ring of evasion
MPRegen 0.14/turn               t - +6 ring of strength

@: corroded, flying, wreathed by umbra
A: fangs 3, regeneration 1, magic shield, antimagic bite, no potion heal 2
a: Renounce Religion, Shadow Step, Shadow Form


You were on level 4 of the Lair of Beasts.
You worshipped Dithmenos.
Dithmenos was extremely pleased with you.
You visited 3 branches of the dungeon, and saw 13 of its levels.

You collected 884 gold pieces.

Inventory:

Hand Weapons
 a - a +3 dagger of flaming
 h - a +5 rapier of draining (weapon)
 o - a +1 scimitar of flaming
Missiles
 b - 3 boomerangs
 e - 11 curare-tipped darts (quivered)
 E - 23 poisoned darts
 M - 6 silver boomerangs
Armour
 c - a +0 cloak (worn)
 d - a +0 buckler (worn)
 j - +0 steam dragon scales
 k - a +2 robe of positive energy
 q - a +0 pair of gloves (worn)
 y - the +1 leather armour "Perph" {rF+ Str+2 Dex-4}
   (You found it on level 5 of the Dungeon)

   Str:       It affects your strength (+2).
   Dex:       It affects your dexterity (-4).
   rF:        It protects you from fire.
 H - the +1 leather armour "Amesoty" (worn) {rElec Regen+}
   (You found it on level 1 of the Lair of Beasts)

   rElec:     It insulates you from electricity.
   Regen:     It increases your rate of health regeneration.
 K - a +2 pair of boots of flying (worn)
Magical Staves
 A - a staff of poison
Jewellery
 l - a +6 ring of dexterity
 p - a +4 ring of evasion (left hand)
 t - a +6 ring of strength (right hand)
 D - a ring of flight
 O - a ring of wizardry
Wands
 r - a wand of flame (25)
 v - a wand of iceblast (16)
 J - a wand of acid (6)
 S - a wand of digging (4)
Scrolls
 f - 4 scrolls of magic mapping
 g - a scroll of fog
 m - a scroll of fear {unknown}
 B - 4 scrolls of enchant weapon
 C - a scroll of vulnerability
 G - 2 scrolls of holy word
 N - 3 scrolls of amnesia {unknown}
 Q - a scroll of blinking
 U - a scroll of noise {unknown}
 V - a scroll of teleportation
Potions
 i - a potion of mutation
 n - 2 potions of brilliance
 s - 4 potions of might
 u - a potion of invisibility {unknown}
 w - 2 potions of haste
 z - 2 potions of ambrosia
 I - 2 potions of lignification
 L - a potion of resistance
 P - a potion of curing
 R - a potion of attraction {unknown}
 T - a potion of flight {unknown}


   Skills:
 + Level 10.3 Fighting
 - Level 10.2 Short Blades
 - Level 6.0 Throwing
 - Level 5.0 Armour
 - Level 0.7 Dodging
 + Level 12.1 Stealth
 - Level 4.0 Shields
 - Level 7.2 Ice Magic


You had 9 spell levels left.
You knew the following spells:

 Your Spells              Type           Power      Damage    Failure   Level
a - Ozocubu's Armour      Ice            20%        N/A       4%          3

Your spell library contained the following spells:

 Spells                   Type           Power      Damage    Failure   Level
 Foxfire                  Conj/Fire      0%         2x1d4     32%         1
 Sublimation of Blood     Necr           0%         N/A       45%         2
 Call Canine Familiar     Summ           0%         N/A       69%         3
 Conjure Flame            Conj/Fire      0%         6-21      69%         3
 Ignite Poison            Fire/Tmut/Pois 0%         N/A       69%         3
 Inner Flame              Hex/Fire       0%         N/A       69%         3
 Mephitic Cloud           Conj/Pois/Air  0%         N/A       69%         3
 Portal Projectile        Hex/Tloc       0%         N/A       69%         3
 Stone Arrow              Conj/Erth      0%         3d7       69%         3
 Summon Guardian Golem    Hex/Summ       0%         N/A       69%         3
 Metabolic Englaciation   Hex/Ice        5%         N/A       91%         5
 Animate Armour           Summ/Erth      0%         N/A       97%         4
 Leda's Liquefaction      Hex/Erth       0%         N/A       97%         4
 Petrify                  Tmut/Erth      0%         N/A       97%         4
 Sticky Flame             Conj/Fire      0%         2d3       97%         4
 Bolt of Magma            Conj/Fire/Erth 0%         4d4       100%        5
 Irradiate                Conj/Tmut      0%         3d13      100%        5
 Simulacrum               Ice/Necr       5%         N/A       100%        6
 Orb of Destruction       Conj           0%         N/A       100%        7
 Ozocubu's Refrigeration  Ice            10%        4d7       100%        7
 Spellforged Servitor     Conj/Summ      0%         N/A       100%        7
 Lehudib's Crystal Spear  Conj/Erth      0%         10d2      100%        8


Dungeon Overview and Level Annotations

Branches:
Dungeon (8/15)             Temple (1/1) D:5            Lair (4/6) D:8
  Swamp (0/4) Lair:3       Spider (0/4) Lair:2

Altars:
Ashenzari
Cheibriados
Dithmenos
Fedhas
Gozag
Hepliaklqana
Kikubaaqudgha
Makhleb
Nemelex Xobeh
Okawaru
Qazlal
Ru
Sif Muna
Trog
Uskayaw
Vehumet
Wu Jian
Xom
Yredelemnul
Zin
The Shining One

Portals:
Volcano: Lair:4

Annotations:
Lair:4 exclusion: 2 oklob plants


Innate Abilities, Weirdness & Mutations

You have razor-sharp teeth.
Your natural rate of healing is unusually fast.
When hurt, damage is shared between your health and your magic reserves.
Your bite disrupts and absorbs the magic of your enemies.
Potions cannot restore your health.


Message History

The yak gores you but does no damage.
You puncture the yak!
You kill the yak!
Dithmenos accepts your kill.
No target in view!
No target in view!
No target in view!
Found 12 stones.
No target in view!
You now have 884 gold pieces (gained 7).
There are no items here.
Really fly into a travel-excluded area?
You puncture the plant!
The plant begins to die.
You bite the plant! You drain its power.
The plant is lightly damaged.
You hit the plant. You bite the plant. You drain its power.
The plant is lightly damaged.
You hit the plant. You bite the plant! You drain its power.
The plant is moderately damaged.
You puncture the plant! You bite the plant. You drain its power.
The plant is moderately damaged.
You hit the plant. You bite the plant. You drain its power.
The plant is moderately damaged.
A nearby plant withers and dies.
The oklob plant spits acid at you.
The splash of acid hits you but does no damage.
You are splashed with acid!
The oklob plant spits acid at you.
The splash of acid hits you but does no damage.
You are splashed with acid!
The oklob plant spits acid at you. The splash of acid hits you!
You are splashed with acid!
The oklob plant spits acid at you. The splash of acid hits you.
The acid corrodes you!
You are splashed with acid!
* * * LOW HITPOINT WARNING * * *
The oklob plant spits acid at you. The splash of acid hits you.
* * * LOW HITPOINT WARNING * * *
The acid corrodes you!
You are splashed with acid!
You die...

##.##....## .........
#...##.#.P##.........
#........##P.........
##...................
#####...........[.....
#P.?P.................
#:=$P.................
#$(P...............###
#####@......<.........
#...............#§≈..
#....#.###.....#.≈.
##.[...###...[...§§
#..................
##...........#....#
#.P#........#....∩
#.P#P...##....≈§.#
#..P#..#.##..≈≈.§#≈


You could see 2 oklob plants.

Vanquished Creatures
  Erica (D:8)
  2 hydras
  2 death yaks (Lair:4)
  Nergalle (Lair:1)
  3 black mambas
  2 torpor snails
  Maggie (D:7)
  9 cane toads
  A rime drake (Lair:1)
  A polar bear (Lair:2)
  A troll (shapeshifter) (D:8)
  2 jumping spiders (Lair:2)
  7 blink frogs
  4 dream sheep (Lair:1)
  4 redbacks (Lair:2)
  24 yaks
  Sigmund (D:2)
  5 wyverns
  A steam dragon (D:6)
  3 basilisks
  11 water moccasins
  An ice beast (D:8)
  5 black bears
  2 orc warriors
  2 sky beasts (D:7)
  6 wolves
  An ogre (D:4)
  3 necrophages
  4 centaurs
  3 phantoms
  A kobold brigand (D:7)
  8 bullfrogs
  A gnoll sergeant (D:7)
  6 scorpions
  A wyvern skeleton (D:7)
  A water moccasin skeleton (D:5)
  3 howler monkeys (D:7)
  3 wights (D:6)
  3 centaur zombies
  4 orc priests
  3 centaur skeletons
  A hound (D:6)
  2 jellies
  4 gnoll shamans
  4 iguanas
  4 orc wizards
  A hound zombie (D:5)
  15 gnolls
  6 adders
  7 river rats (D:7)
  A shadow imp (D:7)
  3 white imps
  3 worms
  3 dart slugs
  25 orcs
  5 bats
  8 endoplasms
  10 hobgoblins
  8 jackals
  9 kobolds
  9 quokkas
  6 ball pythons
  5 frilled lizards
  10 goblins
  19 rats
315 creatures vanquished.

Vanquished Creatures (others)
  An orc wizard (D:5)
  An adder (D:6)
  11 fungi
  74 plants
87 creatures vanquished.

Grand Total: 402 creatures vanquished

Notes
Turn   | Place    | Note
-------+----------+-------------------------------------------
     0 | D:1      | HAL9000 the Vine Stalker Brigand began the quest for the
                  | Orb.
     0 | D:1      | Reached XP level 1. HP: 11/11 MP: 2/2
   283 | D:1      | Reached XP level 2. HP: 10/15 MP: 1/3
   767 | D:1      | Found a faded altar of an unknown god.
  1063 | D:2      | Reached XP level 3. HP: 18/18 MP: 4/4
  1666 | D:2      | Noticed Sigmund
  1678 | D:2      | Killed Sigmund
  1679 | D:2      | Reached skill level 5 in Throwing
  1679 | D:2      | Gained mutation: Your natural rate of healing is unusually
                  | fast. [Vine Stalker growth]
  1679 | D:2      | Reached XP level 4. HP: 21/23 MP: 3/5
  1679 | D:2      | Reached XP level 5. HP: 24/26 MP: 3/6
  1944 | D:2      | Reached XP level 6. HP: 29/30 MP: 5/7
  2903 | D:4      | Noticed a necrophage
  2919 | D:4      | Killed a necrophage
  2920 | D:4      | Reached XP level 7. HP: 23/34 MP: 6/8
  3252 | D:4      | Reached skill level 5 in Short Blades
  3409 | D:4      | Gained mutation: You have razor-sharp teeth. [Vine Stalker
                  | growth]
  3409 | D:4      | Reached XP level 8. HP: 32/39 MP: 9/9
  3919 | D:5      | Entered Level 5 of the Dungeon
  4539 | D:5      | Found a staircase to the Ecumenical Temple.
  4617 | D:5      | Identified the +1 leather armour "Perph" {rF+ Str+2 Dex-4}
  4682 | Temple   | Entered the Ecumenical Temple
  5001 | Temple   | Became a worshipper of Dithmenos the Shadowed
  5638 | D:6      | Reached XP level 9. HP: 31/44 MP: 10/10
  6057 | D:6      | Reached skill level 5 in Stealth
  6378 | D:7      | Noticed Maggie
  6411 | D:7      | Killed Maggie
  6412 | D:7      | Reached skill level 6 in Stealth
  6417 | D:7      | Reached skill level 7 in Stealth
  6556 | D:7      | Reached skill level 8 in Stealth
  6560 | D:7      | Reached * piety under Dithmenos
  6803 | D:7      | Reached skill level 9 in Stealth
  7070 | D:7      | Reached skill level 10 in Stealth
  7136 | D:7      | Reached ** piety under Dithmenos
  7261 | D:7      | Reached XP level 10. HP: 49/49 MP: 11/11
  7279 | D:7      | Reached skill level 11 in Stealth
  7288 | D:7      | Learned a level 3 spell: Ozocubu's Armour
  7808 | D:8      | Reached skill level 12 in Stealth
  7810 | D:8      | Noticed a lindwurm
  7813 | D:8      | Noticed a salamander
  7813 | D:8      | a lindwurm changed into a salamander
  7816 | D:8      | a salamander changed into a wind drake
  7821 | D:8      | Noticed a fire crab
  7821 | D:8      | a wind drake changed into a fire crab
  8018 | D:7      | Reached skill level 1 in Shields
  8431 | D:8      | Reached *** piety under Dithmenos
  8583 | D:8      | Found a staircase to the Lair.
  8843 | D:8      | Reached skill level 5 in Ice Magic
  8935 | D:8      | Identified a scroll of acquirement
  8935 | D:8      | Acquired a +5 rapier of draining
  9107 | D:8      | Noticed Erica
  9114 | D:8      | Killed Erica
  9115 | D:8      | Reached XP level 11. HP: 53/53 MP: 12/12
  9299 | Lair:1   | Entered Level 1 of the Lair of Beasts
  9609 | Lair:1   | Noticed Nergalle
  9623 | Lair:1   | You are sucked into a shaft and drop 1 floor!
 10023 | Lair:2   | Reached skill level 5 in Fighting
 10073 | Lair:2   | Found a hole to the Spider Nest.
 10073 | Lair:2   | Noticed an eight-headed hydra
 10146 | Lair:1   | Identified the +1 leather armour "Amesoty" {rElec Regen+}
 10243 | Lair:1   | Reached **** piety under Dithmenos
 10310 | Lair:1   | Killed Nergalle
 10311 | Lair:1   | Reached skill level 10 in Short Blades
 10394 | Lair:1   | Reached skill level 1 in Armour
 10418 | Lair:1   | Reached XP level 12. HP: 60/62 MP: 13/13
 11124 | Lair:2   | Killed a three-headed hydra
 11756 | Lair:3   | Noticed a six-headed hydra
 11791 | Lair:3   | Killed a one-headed hydra
 12235 | Lair:3   | Found a staircase to the Swamp.
 12395 | Lair:4   | Reached ***** piety under Dithmenos
 12496 | Lair:4   | Noticed a death yak
 12496 | Lair:4   | Noticed a death yak
 12509 | Lair:4   | Killed a death yak
 12518 | Lair:4   | Killed a death yak
 12519 | Lair:4   | Reached skill level 5 in Armour
 12769 | Lair:4   | Found a dark tunnel.
 12779 | Lair:4   | Reached skill level 10 in Fighting
 12787 | Lair:3   | Reached XP level 13. HP: 60/72 MP: 11/14
 12835 | Lair:4   | Splashed by an oklob plant's acid

Illustrated notes

Levels and vault maps discovered:
D:1:      mrwooster_arrival_arrow, layout_basic,
          hellmonk_ecumenical_altar_crossroads
D:2:      minmay_angry_zag, layout_rooms, uniq_sigmund
D:3:      layout_basic, grunt_ministairs_3, chequers_serial_rivers_small_b
D:4:      layout_layer_cave, grunt_decor_clamped
D:5:      layout_gridville, temple_hall
D:6:      layout_loops_ring
D:7:      lemuel_ratsnest, layout_basic, minmay_joined_circles, uniq_maggie
D:8:      layout_gridville, minmay_lair_entry_grove, kennysheep_island_fort,
          uniq_erica
Temple:   compressed_dpeg_triangle_lava_temple
Lair:1:   layout_misc_corridors, grunt_megastairs_2, lemuel_fruit_tree,
          uniq_nergalle
Lair:2:   wad_woods_pond, layout_misc_corridors,
          nicolae_spider_entry_tight_spaces, nicolae_lair_grove_arrangements
Lair:3:   layout_gridlike, swamp_mist_pool
Lair:4:   layout_regular_city, nicolae_volcano_entry_lava_flow,
          minmay_lair_oklob_chamber, infiniplex_staircase_pool

Skill      XL: |  1  2  3  4  5  6  7  8  9 10 11 12 |
---------------+-------------------------------------+-----
Throwing       | 2 3 5 6 |  6.0
Short Blades   | 3 5 8 10 | 10.2
Fighting       | 2 3 4 6 10 | 10.3
Stealth        | 10 12 | 12.1
Shields        | 4 |  4.0
Ice Magic      | 6 7 |  7.2
Armour         | 2 5 |  5.0
Dodging        | |  0.7

Action                   |  1- 3 |  4- 6 |  7- 9 | 10-12 | 13-15 || total
-------------------------+-------+-------+-------+-------+-------++-------
Melee: Dagger            |    77 |   128 |   339 |   364 |       ||   908
       Bite              |    16 |    53 |   167 |   254 |    17 ||   507
       Rapier            |       |       |       |   277 |    25 ||   302
       Scimitar          |       |       |       |    17 |       ||    17
Throw: Dart              |     3 |    12 |    38 |    28 |       ||    81
       Boomerang         |       |    12 |    43 |     2 |       ||    57
 Cast: Ozocubu's Armour  |       |       |       |     8 |     1 ||     9
Evoke: Wand              |       |       |       |     3 |       ||     3
  Use: Scroll            |       |       |     3 |    17 |       ||    20
       Potion            |       |       |     1 |       |       ||     1
 Stab: Sleeping          |     4 |     7 |    11 |    20 |       ||    42
       Distracted        |       |       |       |     2 |       ||     2
Armor: Robe              |    26 |    28 |   106 |    63 |       ||   223
       Leather armour    |       |       |       |    47 |     7 ||    54
Dodge: Dodged            |    47 |    49 |   144 |   372 |     8 ||   620
Block: Buckler           |       |       |       |   109 |     3 ||   112
       Rpst.: Scimitar   |       |       |       |     1 |       ||     1

Table legend: (Time is in decaauts)
 A = Elapsed time spent in this place.
 B = Non-inter-level travel time spent in this place.
 C = Inter-level travel time spent in this place.
 D = Time resting spent in this place.
 E = Time spent auto-exploring this place.
 F = Levels seen in this place.
 G = Mean time per level.
                   A        B        C        D        E       F      G
               +--------+--------+--------+--------+--------+-----+--------+
         Total |  12457 |  11754 |    703 |   1614 |   7218 |  13 |  958.2 |
       Dungeon |   8668 |   8066 |    602 |   1101 |   4818 |   8 | 1083.5 |
        Temple |    340 |    329 |     11 |      0 |    295 |   1 |  340.0 |
          Lair |   3448 |   3358 |     90 |    513 |   2105 |   4 |  862.0 |
               +--------+--------+--------+--------+--------+-----+--------+

Top non-repeatable levels by time:
     D:7: 1663 daAuts
     D:1: 1104 daAuts
  Lair:2: 1092 daAuts
  Lair:1: 1072 daAuts
     D:5: 1066 daAuts
     D:6: 1048 daAuts
     D:4: 1025 daAuts
     D:8: 1014 daAuts
     D:3: 875 daAuts
     D:2: 868 daAuts
  Lair:3: 821 daAuts
  Lair:4: 461 daAuts
  Temple: 340 daAuts
